Unix NetHack Version 5.0.0-0 post-release - last build May 10 2026 23:12:36 (d1fa5d53e341ca933230fdaa984d921c805b60aa,branch:main).

Game began 2026-05-11 21:23:39, ended 2026-05-12 00:32:23.

Drastanta, neutral male human Wizard

                                          -------------
                                          |...{.......|
                                          |...........|
                                       ###|.[.........|
                                       a@#|.......).).-
                                         #............|
                                          --------.----
                                                  #
                                                  #
                                                  ###
                                                    #
                                            --------.-
                                            |........|
                                            |........|
                                            |........|
                                            |........|
                                            |..<.....|
                                            ----------

Drastanta the Conjurer    St:10 Dx:17 Co:12 In:17 Wi:12 Ch:7  Neutral
Dlvl:5  $:342 HP:0(21) Pw:31(31) AC:6  Xp:3  

Latest messages:
 What do you want to remove? [de or ?*] e
 You were wearing an uncursed ring of searching (on left hand).
 What do you want to put on? [eB or ?*] B
 B - a -1 ring of gain constitution (on left hand).
 What do you want to remove? [dB or ?*] B
 You can't.  It is cursed.
 You swap places with your kitten.
 You see here an empty broken chest.
 You swap places with your kitten.
 You see here an empty broken chest.
 You descend the stairs.
 You see here a scroll labeled LOREM IPSUM.
 C - a scroll labeled LOREM IPSUM.
 You hear a door open.
 The gnome lady shoots 2 crossbow bolts!
 You are hit by the 1st crossbow bolt.
 You are hit by the 2nd crossbow bolt.
 The gnome lady swings her crossbow.
 The gnome lady hits!
 You kill the gnome lady!
 Your kitten eats a gnome lady corpse.
 You see here a crossbow bolt.
 You swap places with your kitten.
 You hear bubbling water.
 You see here a scale mail.
 You see here a scale mail.
 You have a little trouble lifting a scale mail.  Continue? [ynq] (q) q
 This door is locked.
 This door is locked.
 This door is locked.
 In what direction? 4
 Whammm!!
 In what direction? 4
 As you kick the door, it crashes open!
 The kitten picks up a crossbow.
 You hit the giant ant.
 The giant ant bites!
 You hit the giant ant.
 The giant ant bites!
 The giant ant bites!
 You miss the giant ant.
 The giant ant bites!
 You miss the giant ant.
 The giant ant bites!
 The giant ant misses!
 You miss the giant ant.
 The giant ant bites!
 You die...
 Do you want your possessions identified? [ynq] (y) y
 Do you want to see your attributes? [ynq] (y) q

Inventory:
 Coins    ('$')
  $ - 342 gold pieces
 Weapons  (')')
  a - a blessed +1 quarterstaff (weapon in hands)
 Armor    ('[')
  p - a blessed +1 pair of iron shoes (being worn)
  b - an uncursed +0 cloak of magic resistance (being worn)
 Comestibles  ('%')
  x - an uncursed apple
  q - an uncursed banana
  s - an uncursed lembas wafer
 Scrolls  ('?')
  o - an uncursed scroll of amnesia
  i - an uncursed scroll of enchant armor
  r - an uncursed scroll of fire
  C - an uncursed scroll of food detection
  u - a blessed scroll of identify
  k - an uncursed scroll of remove curse
  j - a blessed scroll of scare monster
  v - an uncursed scroll of teleportation
 Spellbooks  ('+')
  l - a blessed spellbook of force bolt
  m - an uncursed spellbook of haste self
  A - an uncursed spellbook of healing
 Potions  ('!')
  g - an uncursed potion of gain energy
  f - a blessed potion of oil
  y - a potion of holy water
 Rings    ('=')
  d - a blessed +1 ring of gain constitution (on right hand)
  B - a cursed -1 ring of gain constitution (on left hand)
  e - an uncursed ring of searching
 Wands    ('/')
  c - a wand of cancellation (0:4)
  t - a wand of light (0:15)
  z - a wand of slow monster (0:8)
 Tools    ('(')
  n - a magic marker (0:19)

Drastanta the Wizard's attributes:

Background:
 You were a Conjurer, a level 3 male human Wizard.
 You were neutral, on a mission for Thoth
 who was opposed by Ptah (lawful) and Anhur (chaotic).
 You were left-handed.
 You were in the Dungeons of Doom, on level 5.
 You entered the dungeon 1445 turns ago.
 It was the midnight hour.
 You had 78 experience points, 2 more were needed to attain level 4.

Basics:
 You had 0 out of 21 hit points.
 You had all 31 energy points (spell power).
 Your armor class was 6.
 Your wallet contained 342 zorkmids.
 Autopickup was off.

Final Characteristics:
 Your strength was 10 (limit:18/100).
 Your dexterity was 17 (limit:18).
 Your constitution was 12 (limit:18).
 Your intelligence was 17 (limit:18).
 Your wisdom was 12 (limit:18).
 Your charisma was 7 (limit:18).

Final Status:
 You weren't hungry.
 You were unencumbered.
 You were wielding a quarterstaff.
 You had basic skill with quarterstaff.

Final Attributes:
 You were devoutly aligned.
 You were magic-protected.
 You were warded.
 You are dead.

Miscellaneous:
 You didn't encounter any bones levels.
 Total elapsed playing time was 13 minutes and 32 seconds.

Major events:
 Turn
    1: Drastanta the neutral male human Wizard entered the dungeon
 1026: attained the rank of Conjurer (level 3)
 1445: killed by a giant ant

Spells:
 Name                 Level Category     Fail Retention
 force bolt             1   attack         0%  91%-100%
 haste self             3   escape        91%  76%-100%

Skills:
 Fighting Skills
   bare handed combat [Unskilled]
   riding             [Unskilled]
 Weapon Skills
   dagger             [Unskilled]
   knife              [Unskilled]
   axe                [Unskilled]
   short sword        [Unskilled]
   club               [Unskilled]
   mace               [Unskilled]
   quarterstaff       [Basic]
   polearms           [Unskilled]
   spear              [Unskilled]
   trident            [Unskilled]
   sling              [Unskilled]
   dart               [Unskilled]
   shuriken           [Unskilled]
 Spellcasting Skills
   attack spells      [Basic]
   healing spells     [Unskilled]
   divination spells  [Unskilled]
   enchantment spells [Basic]
   clerical spells    [Unskilled]
   escape spells      [Unskilled]
   matter spells      [Unskilled]

Voluntary challenges:
 Character rerolling was not enabled.
 You were illiterate.
 You never genocided any monsters.
 You never polymorphed an object.
 You never changed form.
 You used no wishes.
Achievements:
 You entered a shop.
 You attained the rank of Conjurer.

 The Dungeons of Doom: levels 1 to 5
    Level 1:
       Some fountains.
    Level 2:
    Level 3:
       A general store, a fountain.
    Level 4:
       An altar.
    Level 5: <- You were here.
       A fountain.
       Final resting place for
          you, killed by a giant ant.


Vanquished creatures:
  a gnome leader
  3 orc zombies
  a wererat
  a gas spore
  a large kobold
  a green mold
  a gnome zombie
  2 geckos
  3 jackals
  a kobold
  a goblin
  2 sewer rats
  3 lichens
  a kobold zombie
  a newt
23 creatures vanquished.

No species were genocided or became extinct.

Game over:
                       ----------
                      /          \
                     /    REST    \
                    /      IN      \
                   /     PEACE      \
                  /                  \
                  |    Drastanta     |
                  |      342 Au      |
                  |   killed by a    |
                  |    giant ant     |
                  |                  |
                  |                  |
                  |       2026       |
                 *|     *  *  *      | *
        _________)/\\_//(\/(/\)/\//\/|_)_______

Goodbye Drastanta the Wizard...

You died in The Dungeons of Doom on dungeon level 5 with 820 points,
and 342 pieces of gold, after 1445 moves.
You were level 3 with a maximum of 21 hit points when you died.

